 Dungeon Crawl Stone Soup version 0.30-a0-469-g84de5afbc5 (webtiles) character file.

Game seed: 2894959838755272480

93 NinjaNoafa the Magician (level 4, -3/33 HPs)
             Began as a Djinni Fire Elementalist on Dec 19, 2022.
             Slain by an iguana (8 damage)
             ... on level 4 of the Dungeon.
             The game lasted 00:03:07 (3072 turns).

NinjaNoafa the Magician (Djinni Fire Elementalist)  Turns: 3072, Time: 00:03:08

Health: -3/33      AC:  9    Str:  4    XL:     4   Next: 92%
Gold:   103        EV: 11    Int: 18    God:
                   SH:  0    Dex: 14

rFire   + + +      SeeInvis .    n - +1 falchion (holy)
rCold   x . .      Faith    .    (no shield)
rNeg    . . .      Spirit   .    w - +2 leather armour of the Ditch-Digger {rF+ rCorr Str-3}
rPois   ∞          Reflect  .    (no helmet)
rElec   .          Harm     .    (no cloak)
rCorr   +          Rampage  .    (no gloves)
Will    .....                    (boots unavailable)
Stlth   ++........               (no amulet)
HPRegen 0.25/turn                s - +4 ring of protection
MPRegen 0.00/turn                (no ring)

@: flying, very slightly contaminated
A: sickness immunity, fire resistance 2, cold vulnerability 1, float, innate
caster, HP casting, extra vitality 1
a: no special abilities


You were on level 4 of the Dungeon.
You visited 1 branch of the dungeon, and saw 4 of its levels.

You collected 103 gold pieces.

Inventory:

Hand Weapons
 n - a +1 falchion of holy wrath (weapon)
Missiles
 b - 49 stones
 h - 5 poisoned darts
 k - 6 boomerangs
Armour
 w - the +2 leather armour of the Ditch-Digger (worn) {rF+ rCorr Str-3}
   (You took it off a hobgoblin on level 3 of the Dungeon)

   Str:       It affects your strength (-3).
   rF:        It protects you from fire.
   rCorr:     It protects you from acid and corrosion.
Jewellery
 s - a +4 ring of protection (left hand)
Wands
 u - a wand of polymorph (14)
Scrolls
 d - 3 scrolls of poison {unknown}
 j - 3 scrolls of identify {unknown}
 p - a scroll of immolation {unknown}
 t - a scroll of teleportation {unknown}
Potions
 c - a potion of might {unknown}
 g - 3 potions of curing {unknown}
 i - a potion of lignification {unknown}
 l - a potion of haste {unknown}
 m - a potion of brilliance {unknown}
 o - a potion of degeneration {unknown}
 q - a potion of mutation {unknown}
 r - 2 potions of invisibility {unknown}
 v - a potion of attraction {unknown}
Miscellaneous
 f - a piece from Xom's chessboard (15/15)


   Skills:
 + Level 2.1 Fighting
 - Level 2.1 Dodging
 - Level 1.5 Stealth
 * Level 3.6 Spellcasting


You couldn't memorise any spells.
You knew the following spells:

 Your Spells              Type           Power      Damage    Failure   Level
a - Foxfire               Conj/Fire      64%        2x1d7     6%          1
b - Scorch                Fire           32%        2d6       10%         2
c - Kindle Blastsparks    Fire/Tloc/Air  32%        2d12      19%         3
d - Inner Flame           Hex/Fire       16%        N/A       19%         3
e - Flame Wave            Conj/Fire      16%        2d7       52%         4
f - Magic Dart            Conj           64%        1d6       6%          1
Your spell library was empty.

Dungeon Overview and Level Annotations

Branches:
Dungeon (4/15)
 Temple: D:4-7

Altars:
Xom

Shops:
D:4 [


Innate Abilities, Weirdness & Mutations

You are immune to sickness and miasma.
You are immune to poison.
Your flesh is very heat resistant. (rF++)
You are vulnerable to cold. (rC-)
You float through the air rather than walking.
You learn spells naturally, not from books.
Your magical power is your life essence.
You have superior vitality. (+4 MHP)


Message History

There are monsters nearby!
Casting: Foxfire (safe; 6% risk of failure)
Confirm with . or Enter, or press ? or * to list all spells.
You conjure some foxfire!
The foxfire hits the iguana but does no damage.
The foxfire hits the iguana but does no damage.
Casting: Foxfire (safe; 6% risk of failure)
Confirm with . or Enter, or press ? or * to list all spells.
You conjure some foxfire!
Your foxfire dissipates!
The iguana attacks as you move away! The iguana bites you.
Casting: Foxfire (safe; 6% risk of failure)
Confirm with . or Enter, or press ? or * to list all spells.
You conjure some foxfire!
The iguana bites you!
Your foxfire dissipates!
The foxfire hits the iguana.
The iguana is lightly wounded.
Casting: Foxfire (safe; 6% risk of failure)
Confirm with . or Enter, or press ? or * to list all spells.
You miscast Kindle Blastsparks.
You are very lightly contaminated with residual magic.
You are caught in an explosion of electrical discharges!
* * * LOW HITPOINT WARNING * * *
x2 The iguana closely misses you.
Okay, then.
Casting: Kindle Blastsparks (quite dangerous; 19% risk of failure)
Confirm with . or Enter, or press ? or * to list all spells.
You conjure some foxfire!
* * * LOW HITPOINT WARNING * * *
The iguana bites you.
* * * LOW HITPOINT WARNING * * *
Your foxfire dissipates!
The foxfire hits the iguana.
The iguana is heavily wounded.
Casting: Foxfire (safe; 6% risk of failure)
Confirm with . or Enter, or press ? or * to list all spells.
You conjure some foxfire!
* * * LOW HITPOINT WARNING * * *
The iguana bites you!
You die...

#.# #.# #.# #.# #.# #.#
.######.####### .#
...........v§.##### ..#
######.#.#..@lo...########
... #.#.#..#v###........#
.. #.#....#.#
########.#### ##.##
#.#∩.#.#.# #..v..o.# #...#
#.#......# #.##.##.# #...#
#......### # #.# .# #..<#
#...#### #.. ..
#...######.#...# ### ..
...........#...# ..


You could see an iguana (ally target) and an orc.

Vanquished Creatures
  2 adders (D:3)
  4 worms
  2 dart slugs
  3 orcs (D:3)
  2 ball pythons
  4 endoplasms
  3 giant cockroaches (D:2)
  4 goblins
  10 hobgoblins
  4 kobolds
  4 quokkas
  6 bats
  2 frilled lizards (D:1)
  2 rats (D:2)
  2 butterflies (D:3)
54 creatures vanquished.

Vanquished Creatures (others)
  214 foxfires
214 creatures vanquished.

Grand Total: 268 creatures vanquished

Notes
Turn   | Place    | Note
-------+----------+-------------------------------------------
     0 | D:1      | NinjaNoafa the Djinni Fire Elementalist began the quest for
                  | the Orb.
     0 | D:1      | NinjaNoafa set off with the following spells memorised:
                  | Foxfire, Scorch, Kindle Blastsparks, Inner Flame, Flame
                  | Wave.
     0 | D:1      | Reached XP level 1. HP: 15/15 MP: 0/0
   231 | D:1      | Reached XP level 2. HP: 21/22 MP: 0/0
   353 | D:1      | Reached skill level 1 in Fighting
   414 | D:1      | Reached XP level 3. HP: 24/27 MP: 0/0
   414 | D:1      | Learned a level 1 spell: Magic Dart
   737 | D:1      | Reached skill level 3 in Spellcasting
  1780 | D:2      | Reached XP level 4. HP: 30/32 MP: 0/0
  1862 | D:3      | Found a shimmering altar of Xom.
  1988 | D:3      | Found a faded altar of an unknown god.
  2630 | D:3      | Identified the +2 leather armour of the Ditch-Digger {rF+
                  | rCorr Str-3}
  3017 | D:4      | Found Votoniepn's Armour Shop.
  3072 | D:4      | Slain by an iguana

Illustrated notes

Levels and vault maps discovered:
D:1:      dpeg_arrival_rhombi, layout_basic
D:2:      layout_basic, nrook_loot_triangle
D:3:      layout_basic, xom_butterflies, shapermc_ecumenical_altar_venn
D:4:      layout_loops_cross, tso_altar, serial_shops, shop, shop, shop, shop,
          hangedman_decor_points

Skill      XL: |  1  2  3  4 |
---------------+-------------+-----
Fighting       | 1 2 |  2.1
Spellcasting   | 3 |  3.6
Dodging        | |  2.1
Stealth        | |  1.5

Action                   |  1- 3 |  4- 6 || total
-------------------------+-------+-------++-------
Melee: Whip              |     6 |       ||     6
       Falchion          |       |     3 ||     3
 Cast: Foxfire           |    74 |    73 ||   147
       Scorch            |    12 |       ||    12
       Magic Dart        |    10 |     4 ||    14
       Kindle Blastspark |       |     1 ||     1
Armor: Robe              |     2 |       ||     2
       Leather armour    |       |     1 ||     1
Dodge: Dodged            |     7 |    12 ||    19

Table legend: (Time is in decaauts)
 A = Elapsed time spent in this place.
 B = Non-inter-level travel time spent in this place.
 C = Inter-level travel time spent in this place.
 D = Time resting spent in this place.
 E = Time spent auto-exploring this place.
 F = Levels seen in this place.
 G = Mean time per level.
                   A        B        C        D        E       F      G
               +--------+--------+--------+--------+--------+-----+--------+
         Total |   3070 |   2902 |    168 |      0 |   2487 |   4 |  767.5 |
       Dungeon |   3070 |   2902 |    168 |      0 |   2487 |   4 |  767.5 |
               +--------+--------+--------+--------+--------+-----+--------+

Top non-repeatable levels by time:
     D:3: 1146 daAuts
     D:2: 932 daAuts
     D:1: 928 daAuts
     D:4: 62 daAuts
